 Dungeon Crawl Stone Soup version 0.25-a0-834-g55863b0b92 (webtiles) character file.

Game seed: 1209109093018720191, levelgen mode: deterministic

53815 Lanoc the Ripper (level 14, -6/70 HPs)
             Began as a Felid Berserker on Apr 22, 2020.
             Was the Champion of Trog.
             Mangled by a redback (9 damage)
             ... on level 2 of the Spider Nest.
             The game lasted 01:17:55 (28550 turns).

Lanoc the Ripper (Felid Berserker)                 Turns: 28550, Time: 01:17:55

Health: -6/70      AC:  3    Str: 13    XL:     14   Next: 32%
Magic:  42/42      EV: 34    Int:  6    God:    Trog [******]
Gold:   2057       SH:  0    Dex: 21    Spells: 13/13 levels left
                                        Lives:  0   Deaths: 3

rFire    + + .     SeeInvis +     - Unarmed
rCold    + + .     Gourm    .   (shield unavailable)
rNeg     + + +     Faith    .   (armour unavailable)
rPois    +         Spirit   .   (helmet unavailable)
rElec    .         Reflect  +   (cloak unavailable)
rCorr    .         Harm     .   (gloves unavailable)
MR       +++..                  (boots unavailable)
Stlth    +++.......             L - +6 amulet of reflection
HPRegen  0.21/turn              v - ring "Valeveic" {rPois rC+ MR+ MP+9 Int-2}
MPRegen  0.28/turn              q - ring of Pieqigutz {rPois rF++ rN+++ MP+9 Int-2}

@: confused, quick
A: very small, no armour, no weapons or thrown items, stealth, claws 1, fangs 3,
see invisible, carnivore, speed 1, shaggy fur 3, slow metabolism 1, sharp paws
a: Berserk, Trog's Hand, Brothers in Arms, Renounce Religion


You were on level 2 of the Spider Nest.
You worshipped Trog.
Trog was exalted by your worship.
You were not hungry.

You visited 4 branches of the dungeon, and saw 25 of its levels.
You also visited: Gauntlet.

You collected 3018 gold pieces.
You spent 961 gold pieces at shops.

Inventory:

Jewellery
 l - an uncursed ring of flight
 m - the necklace of Bloodlust {*Rage +Rage MR++ Int-3 Slay+6 *Curse}
   (You found it in a Gauntlet)

   [amulet of rage]

   It affects your intelligence (-3).
   It affects your accuracy and damage with ranged weapons and melee attacks
   (+6).
   It affects your resistance to hostile enchantments.
   It lets you go berserk.
   It may make you go berserk in combat.
   It curses itself when equipped.
 q - the ring of Pieqigutz (right paw) {rPois rF++ rN+++ MP+9 Int-2}
   (You found it on level 2 of the Lair of Beasts)

   [ring of magical power]

   It affects your intelligence (-2).
   It greatly protects you from fire.
   It protects you from poison.
   It renders you almost immune to negative energy.
   It affects your magic capacity (+9).
 t - an uncursed amulet of guardian spirit
 v - the ring "Valeveic" (left paw) {rPois rC+ MR+ MP+9 Int-2}
   (You bought it in a shop on level 2 of the Orcish Mines)

   [ring of protection from magic]

   It affects your intelligence (-2).
   It protects you from cold.
   It protects you from poison.
   It affects your resistance to hostile enchantments.
   It affects your magic capacity (+9).
 L - a +6 amulet of reflection (around neck)
Wands
 f - a wand of polymorph (11)
 p - a wand of acid (13)
 x - a wand of flame (77)
 z - a wand of clouds (6)
 D - a wand of enslavement (17)
 E - a wand of iceblast (6)
 I - a wand of paralysis (12)
Scrolls
 e - 10 scrolls of remove curse
 h - 2 scrolls of magic mapping
 j - 10 scrolls of immolation
 o - a scroll of fear
 s - 5 scrolls of fog
 u - 2 scrolls of summoning
 A - 8 scrolls of teleportation
Potions
 b - 4 potions of curing
 c - 4 potions of stabbing
 d - 3 potions of mutation
 i - 2 potions of brilliance
 k - 3 potions of lignification
 n - 2 potions of might
 r - 4 potions of heal wounds
 w - 4 potions of haste
 B - 3 potions of ambrosia
 C - 2 potions of cancellation
 F - a potion of resistance
 G - 2 potions of berserk rage
 H - 2 potions of invisibility
Miscellaneous
 g - a tin of tremorstones
 y - a phial of floods (inert)
 K - 2 boxes of beasts
Comestibles
 a - 64 rations


   Skills:
 + Level 13.1 Fighting
 + Level 16.3 Dodging
 - Level 15.0 Stealth
 * Level 17.4 Unarmed Combat
 + Level 13.2 Evocations


You had 13 spell levels left.
You didn't know any spells.
Your spell library was empty.

Dungeon Overview and Level Annotations

Branches:
Dungeon (15/15)            Temple (0/1) D:6            Lair (6/6) D:10
 Shoals (0/4) Lair:2       Spider (2/4) Lair:2        Slime (0/5) Lair:6
    Orc (2/2) D:10            Elf (0/3) Orc:2        Vaults (0/5) D:13
 Depths (0/5) D:15        Gauntlet (visited)

Altars:
Ashenzari
Cheibriados
Fedhas
Gozag
Hepliaklqana
Kikubaaqudgha
Makhleb
Nemelex Xobeh
Okawaru
Qazlal
Sif Muna
Wu Jian
Xom
Yredelemnul
The Shining One
Beogh
Jiyva

Shops:
D:12 ?((   D:13 %   Orc:2 =[(%

Annotations:
D:5 3 runed translucent doors, SatoMori's ghost, novice HOBe


Innate Abilities, Weirdness & Mutations

You cannot wear armour.
You are incapable of wielding weapons or throwing items.
Your paws allow you to move quietly. (Stealth)
You have sharp claws.
You have razor-sharp teeth.
You have supernaturally acute eyesight. (SInv)
You are carnivorous and can eat meat at any time.
You cover ground quickly.
Your thick and shaggy fur keeps you warm. (AC +3, rC+)
You have a slow metabolism.
Your sharp claws are effective at attacking unaware monsters.


Message History

Your bite misses the tarantella.
The tarantella is moderately wounded.
The tarantella completely misses you. The redback misses you.
The redback completely misses you. The tarantella completely misses you.
You are caught in the web!
The redback completely misses you. The tarantella bites you!
There is a web here.
You disentangle yourself.
The redback completely misses you. The redback barely misses you.
The tarantella barely misses you. The tarantella completely misses you.
You completely miss the redback. The tarantella completely misses you.
The redback bites you! The wolf spider misses you. The wolf spider bites you!
* * * LOW HITPOINT WARNING * * *
The tarantella misses you.
You claw the redback!
The redback is almost dead.
The tarantella closely misses you. The redback bites you!
* * * LOW HITPOINT WARNING * * *
The redback bites you!
You die...

##### ###...#
#.....##
#......##
#.......#### .
#.......#..##..
..#.....^........
.......sss.......
.......^s@s..^#
.....^.#ss#...#
.......#..#......
.......#..# .....
.......#... ....
............ ..
.....s....... .
.##....


You could see a wolf spider, 3 tarantellas and 3 redbacks.

Vanquished Creatures
  Kirke (D:12)
  2 ghost moths
  The ghost of bmj180 the Basher, a journeyman DrCj of Vehumet (D:13)
  2 emperor scorpions
  A war gargoyle (D:11)
  An entropy weaver (Spider:2)
  A dire elephant (D:15)
  2 minotaurs
  An ettin (D:11)
  A green death (Gauntlet)
  A deep elf high priest (D:11)
  Fannar (D:10)
  4 vault guards (D:13)
  4 hydras
  An ice dragon (Lair:6)
  4 centaur warriors
  9 orc high priests (Orc:2)
  A deep troll earth mage (D:11)
  Nergalle (Orc:1)
  A skeletal warrior (D:11)
  3 unseen horrors
  A deep troll (D:11)
  A deep troll (shapeshifter) (D:11)
  3 orc knights
  3 wizards
  Pikel (D:5)
  8 orc sorcerers
  9 ugly things
  A lindwurm (Lair:6)
  8 wolf spiders
  A salamander (D:15)
  2 cyclopes
  A deep elf mage (D:14)
  A manticore (D:15)
  16 black mambas
  3 moths of wrath
  A guardian serpent (Lair:6)
  15 elephants
  A merfolk siren (Lair:2)
  3 gargoyles
  5 centaur skeletons
  16 spiny frogs
  A kobold demonologist (D:14)
  6 torpor snails
  2 orange demons (Gauntlet)
  11 komodo dragons
  An efreet (D:13)
  4 demonic crawlers
  2 meliai (Lair:6)
  A harpy zombie (D:15)
  4 tyrant leeches (Lair:6)
  A polar bear (Lair:4)
  A queen bee (Gauntlet)
  8 jumping spiders
  6 trolls
  A polar bear (shapeshifter) (D:15)
  13 hornets
  Prince Ribbit (D:5)
  19 blink frogs
  Grinder (D:6)
  4 slime creatures (D:13)
  11 hippogriffs
  5 dream sheep (Lair:6)
  2 centaur simulacra (Gauntlet)
  A meliai zombie (D:14)
  12 wyverns
  2 vampires
  33 redbacks
  12 tarantellas
  A water elemental (D:14)
  5 hogs
  37 yaks
  A wraith (D:15)
  2 humans
  4 basilisks
  4 hungry ghosts
  9 vampire mosquitoes
  13 wargs
  A soldier ant (D:11)
  A redback simulacrum (Gauntlet)
  An acid dragon (D:15)
  22 water moccasins
  A hydra simulacrum (Gauntlet)
  5 ice beasts
  29 orc warriors
  10 porcupines
  3 phantoms
  4 sky beasts
  A meliai simulacrum (Gauntlet)
  3 slaves (D:5)
  2 necrophages
  16 centaurs
  17 wolves
  11 ogres
  14 crocodiles
  3 big kobolds
  19 bullfrogs
  A water moccasin zombie (D:9)
  3 scorpions
  35 killer bees
  11 electric eels
  15 wights
  8 howler monkeys
  2 crimson imps
  A bullfrog zombie (D:6)
  10 hounds
  5 jellies
  41 orc priests
  3 bullfrog skeletons
  2 gnoll shamans
  3 iguanas
  36 orc wizards
  8 worker ants
  A hound skeleton (D:7)
  A howler monkey zombie (D:6)
  A worker ant zombie (D:3)
  10 gnolls
  9 adders
  8 shadow imps
  A white imp (Gauntlet)
  2 oozes
  An adder skeleton (D:10)
  A worm (D:4)
  A dart slug (D:3)
  3 leopard geckos
  115 orcs
  2 bats
  4 giant cockroaches
  4 goblins (D:2)
  3 hobgoblins
  7 jackals
  15 kobolds
  8 quokkas
  2 ball pythons
  6 frilled lizards
  A leopard gecko skeleton (D:4)
  A leopard gecko zombie (D:5)
  4 rats
  A butterfly (Lair:3)
  2 plants
945 creatures vanquished.

Vanquished Creatures (collateral kills)
  A komodo dragon (Lair:5)
  A meliai (Lair:6)
  A water moccasin (Lair:6)
  6 wolves (Lair:3)
  3 killer bees (Lair:6)
12 creatures vanquished.

Vanquished Creatures (others)
  An orc high priest (Orc:2)
  A spiny frog (Lair:5)
  A queen bee (Lair:6)
  A black bear (D:12)
  13 fungi
  35 plants
  A withered plant (Gauntlet)
53 creatures vanquished.

Grand Total: 1010 creatures vanquished

Notes
Turn   | Place    | Note
-------+----------+-------------------------------------------
     0 | D:1      | Lanoc the Felid Berserker began the quest for the Orb.
     0 | D:1      | Reached XP level 1. HP: 10/10 MP: 2/2
   102 | D:2      | Noticed an orc wizard
   103 | D:2      | Found a blossoming altar of Fedhas.
   118 | D:2      | Reached XP level 2. HP: 14/14 MP: 3/3
   120 | D:2      | Reached skill level 1 in Stealth
   124 | D:2      | Reached XP level 3. HP: 16/17 MP: 4/4
   137 | D:2      | Found a hazy altar of Hepliaklqana.
   475 | D:3      | Reached ** piety under Trog
   515 | D:3      | Found an ornate altar of the Wu Jian Council.
   609 | D:3      | Found a sparkling altar of Nemelex Xobeh.
   620 | D:3      | Reached skill level 4 in Unarmed Combat
   620 | D:3      | Reached XP level 4. HP: 15/21 MP: 5/5
   911 | D:3      | Found a burning altar of Makhleb.
   941 | D:3      | Found a faded altar of an unknown god.
  1634 | D:4      | Reached XP level 5. HP: 24/24 MP: 6/6
  1674 | D:4      | Found an ancient bone altar of Kikubaaqudgha.
  1682 | D:4      | Found a stormy altar of Qazlal.
  1708 | D:4      | Noticed an ogre
  1717 | D:4      | Killed an ogre
  1717 | D:4      | Reached skill level 5 in Dodging
  2125 | D:4      | Noticed a centaur
  2125 | D:4      | Noticed a centaur
  2132 | D:4      | Killed a centaur
  2132 | D:4      | Reached skill level 5 in Unarmed Combat
  2132 | D:4      | Gained mutation: You are covered in thick fur. (AC +2)
                  | [Felid growth]
  2132 | D:4      | Reached XP level 6. HP: 15/28 MP: 7/7
  2354 | D:4      | Found a sparkling altar of Nemelex Xobeh.
  2354 | D:4      | Found a snail-covered altar of Cheibriados.
  2433 | D:4      | Reached XP level 7. HP: 33/33 MP: 8/8
  2481 | D:5      | Entered Level 5 of the Dungeon
  2509 | D:5      | Noticed Prince Ribbit
  2519 | D:5      | Killed Prince Ribbit
  2519 | D:5      | Reached skill level 6 in Unarmed Combat
  2708 | D:5      | Found a shattered altar of Ashenzari.
  2761 | D:5      | Reached skill level 5 in Stealth
  2980 | D:5      | Found a runed translucent gate.
  2980 | D:5      | Found an opulent altar of Gozag.
  2981 | D:5      | Found a runed translucent gate.
  2981 | D:5      | Found a runed translucent gate.
  2982 | D:5      | Noticed SatoMori's ghost (novice HOBe)
  3014 | D:5      | Noticed Pikel
  3040 | D:5      | Killed Pikel
  3040 | D:5      | Reached skill level 5 in Fighting
  3040 | D:5      | Reached XP level 8. HP: 24/37 MP: 8/10
  3082 | D:5      | Reached skill level 7 in Unarmed Combat
  3243 | D:5      | Reached *** piety under Trog
  3372 | D:6      | Found a staircase to the Ecumenical Temple.
  3530 | D:6      | Identified the +9 mace of the Thing {drain, MP+9}
  3602 | D:6      | Found an iron altar of Okawaru.
  3634 | D:6      | Noticed Grinder
  3646 | D:6      | Killed Grinder
  3646 | D:6      | Reached XP level 9. HP: 41/41 MP: 12/12
  3886 | D:7      | Reached skill level 8 in Unarmed Combat
  4171 | D:7      | Reached **** piety under Trog
  4894 | D:8      | Reached skill level 9 in Unarmed Combat
  5191 | D:8      | Reached skill level 5 in Evocations
  5489 | D:8      | Reached XP level 10. HP: 46/46 MP: 14/14
  5751 | D:9      | Found a shimmering blue altar of Sif Muna.
  6332 | D:9      | Found a glowing golden altar of the Shining One.
  6337 | D:9      | Found a basalt altar of Yredelemnul.
  6339 | D:9      | Noticed a profane servitor
  6456 | D:9      | Noticed an angel
  6476 | D:10     | Entered Level 10 of the Dungeon
  6510 | D:10     | Noticed Fannar
  6660 | D:10     | HP: 1/47 [Fannar/refrigeration (25)]
  7332 | D:10     | Found a staircase to the Orcish Mines.
  7361 | D:10     | Found a staircase to the Lair.
  7373 | D:10     | Reached skill level 10 in Unarmed Combat
  7468 | D:10     | Killed Fannar
  7564 | D:10     | Noticed an unseen horror
  7580 | D:10     | Killed an unseen horror
  7580 | D:10     | Reached skill level 10 in Dodging
  7617 | D:10     | Noticed an unseen horror
  7624 | D:10     | Killed an unseen horror
  7624 | D:10     | Reached ***** piety under Trog
  7624 | D:10     | Reached XP level 11. HP: 47/51 MP: 16/16
  7905 | D:10     | Reached skill level 10 in Stealth
  8837 | D:11     | Reached skill level 11 in Unarmed Combat
  9158 | D:11     | Noticed a centaur warrior
  9186 | D:11     | Killed a centaur warrior
  9489 | D:11     | Noticed an unseen horror
  9491 | D:11     | Noticed a skeletal warrior
  9504 | D:11     | Killed an unseen horror
  9512 | D:11     | Noticed an ettin
  9512 | D:11     | Noticed a deep troll
  9666 | D:12     | Found Ifomm's Magic Scroll Shop.
  9673 | D:12     | Bought a scroll of immolation for 38 gold pieces
  9673 | D:12     | Bought a scroll of identify for 22 gold pieces
  9673 | D:12     | Bought a scroll of teleportation for 33 gold pieces
  9680 | D:12     | Found Rethritoi's Weapon Boutique.
  9731 | D:12     | Noticed Kirke
  9734 | D:12     | Killed Kirke
  9734 | D:12     | Gained mutation: Your thick and shaggy fur keeps you warm.
                  | (AC +3, rC+) [Felid growth]
  9734 | D:12     | Reached XP level 12. HP: 56/56 MP: 17/19
  9749 | D:12     | Found Egarphom's Antique Weapon Shop.
 10023 | D:12     | Reached skill level 12 in Unarmed Combat
 10156 | D:13     | Noticed a six-headed hydra
 10390 | Orc:1    | Entered Level 1 of the Orcish Mines
 10965 | Orc:2    | Entered Level 2 of the Orcish Mines
 11019 | Orc:2    | Noticed an orc high priest
 11133 | Orc:2    | Killed an orc high priest
 11279 | Orc:1    | Noticed Nergalle
 11282 | Orc:1    | Killed Nergalle
 11401 | Orc:2    | Found a staircase to the Elven Halls.
 11480 | Orc:2    | Noticed a stone giant
 11482 | Orc:2    | Noticed an orc high priest
 11538 | Orc:2    | Noticed an orc high priest
 11540 | Orc:2    | Killed an orc high priest
 11546 | Orc:1    | Demolished by a stone giant
 11547 | Orc:1    | Reached XP level 11. HP: -16/52 MP: 0/18
 11723 | Orc:1    | Found a roughly hewn altar of Beogh.
 11765 | Orc:1    | Reached ****** piety under Trog
 11776 | Orc:1    | Noticed an orc sorcerer
 11790 | Orc:1    | Killed an orc sorcerer
 11790 | Orc:1    | Reached skill level 13 in Unarmed Combat
 12308 | Orc:2    | Killed an orc high priest
 12308 | Orc:2    | Reached XP level 12. HP: 46/58 MP: 13/20
 12358 | Orc:2    | Found Boanaef's Food Boutique.
 12358 | Orc:2    | Found Axoar's Antique Weapon Shoppe.
 12368 | Orc:2    | Noticed an orc high priest
 12371 | Orc:2    | Noticed an orc high priest
 12458 | Orc:2    | Killed an orc high priest
 12503 | Orc:2    | Killed an orc high priest
 12603 | Orc:2    | Noticed an orc high priest
 12621 | Orc:2    | Killed an orc high priest
 12756 | Orc:2    | Noticed an orc high priest
 12776 | Orc:2    | Killed an orc high priest
 12776 | Orc:2    | Reached skill level 10 in Fighting
 12808 | Orc:2    | Noticed an orc high priest
 12931 | Orc:2    | Killed an orc high priest
 13156 | Orc:2    | Noticed an orc high priest
 13165 | Orc:2    | Killed an orc high priest
 13175 | Orc:2    | Found a roughly hewn altar of Beogh.
 13250 | Orc:2    | Found Wusen's Jewellery Shoppe.
 13250 | Orc:2    | Found Tifrot's Antique Armour Boutique.
 13250 | Orc:2    | Noticed an orc high priest
 13263 | Orc:2    | Killed an orc high priest
 13287 | Orc:2    | Bought the ring "Valeveic" {rPois rC+ MR+ MP+9 Int-2} for
                  | 868 gold pieces
 13529 | Lair:1   | Entered Level 1 of the Lair of Beasts
 13813 | Lair:1   | Noticed a five-headed hydra
 13884 | Lair:1   | Reached skill level 10 in Evocations
 14068 | Lair:1   | Killed a five-headed hydra
 14068 | Lair:1   | Reached XP level 13. HP: 28/62 MP: 11/21
 14481 | Lair:2   | Got a smoking tin ring
 14494 | Lair:2   | Reached skill level 14 in Unarmed Combat
 14497 | Lair:2   | Identified the ring of Pieqigutz {rPois rF++ rN+++ MP+9
                  | Int-2} (You found it on level 2 of the Lair of Beasts)
 14809 | Lair:2   | Found a staircase to the Shoals.
 14879 | Lair:2   | Found a hole to the Spider Nest.
 16667 | Lair:4   | Noticed a ghost moth
 16667 | Lair:4   | a five-headed hydra changed into a ghost moth
 16682 | Lair:4   | Killed a ghost moth
 17982 | Lair:5   | Reached XP level 14. HP: 63/67 MP: 23/23
 18718 | Lair:6   | Entered Level 6 of the Lair of Beasts
 18726 | Lair:6   | Reached skill level 15 in Unarmed Combat
 20216 | Lair:6   | Reached skill level 15 in Stealth
 20304 | Lair:6   | Got a translucent bone ring
 20347 | Lair:6   | Identified the ring "Cuinep" {*Tele Str+3} (You found it on
                  | level 6 of the Lair of Beasts)
 20669 | Lair:6   | Found a runed translucent door.
 20670 | Lair:6   | Found a viscous altar of Jiyva.
 20674 | Lair:6   | Found a staircase to the Slime Pits.
 20854 | Lair:6   | Found a runed translucent door.
 21732 | D:11     | Reached XP level 15. HP: 72/72 MP: 24/24
 22159 | D:11     | Reached skill level 16 in Unarmed Combat
 22237 | D:11     | Reached skill level 15 in Dodging
 22346 | D:13     | Found a shimmering altar of Xom.
 22634 | D:13     | Found a gate to the Vaults.
 22955 | D:13     | Found a runed translucent door.
 22955 | D:13     | Noticed bmj180's ghost (journeyman DrCj)
 22992 | D:13     | Killed bmj180's ghost
 23276 | D:13     | Found Qexe's Food Boutique.
 23498 | D:14     | Found a gate leading to a gauntlet.
 23507 | Gauntlet | Entered a Gauntlet
 23507 | Gauntlet | Found a transporter.
 23510 | Gauntlet | Found a transporter.
 23510 | Gauntlet | Found a transporter.
 23511 | Gauntlet | Found a transporter.
 23542 | Gauntlet | Found a transporter.
 23542 | Gauntlet | Found a transporter.
 23544 | Gauntlet | Found a transporter.
 23578 | Gauntlet | Found a runed translucent gate.
 23578 | Gauntlet | Found a runed translucent gate.
 23578 | Gauntlet | Found a runed translucent gate.
 23580 | Gauntlet | Found a transporter.
 23582 | Gauntlet | Found a transporter.
 23583 | Gauntlet | Found a transporter.
 23635 | Gauntlet | Found the cursed necklace of Bloodlust {*Rage +Rage MR++
                  | Int-3 Slay+6 *Curse}
 23635 | Gauntlet | Found a transporter.
 23635 | Gauntlet | Found a transporter.
 23635 | Gauntlet | Found a transporter.
 23924 | Gauntlet | Found a transporter.
 24970 | D:15     | Entered Level 15 of the Dungeon
 25421 | D:15     | Found a staircase to the Depths.
 25821 | Spider:1 | Entered Level 1 of the Spider Nest
 25824 | Spider:1 | Got a heavily runed lead ring
 25826 | Spider:1 | Identified the ring of Dim Umepi {*Tele +Fly rF+ MP+9
                  | Dex-2} (You found it on level 1 of the Spider Nest)
 25873 | Spider:1 | Reached skill level 17 in Unarmed Combat
 25887 | Spider:1 | Noticed a ghost moth
 25907 | Spider:1 | Killed a ghost moth
 25949 | Spider:1 | Reached XP level 16. HP: 29/77 MP: 12/26
 27909 | Spider:2 | HP: 3/78 [jumping spider (4)]
 27911 | Spider:2 | Mangled by a wolf spider
 27912 | Spider:2 | Reached XP level 15. HP: -7/73 MP: 43/43
 28524 | Spider:2 | Slain by a wolf spider
 28525 | Spider:2 | Reached XP level 14. HP: -2/105 MP: 42/42
 28550 | Spider:2 | HP: 3/70 [redback (14)]
 28550 | Spider:2 | Mangled by a redback

Levels and vault maps discovered:
D:1:      dpeg_arrival_boxorama, layout_basic
D:2:      layout_loops_ring, old_standard_altar, first_ration, fedhas_altar_2
D:3:      layout_basic, lemuel_doored_altar, old_standard_altar,
          chequers_ecumenical_altar_island, nemelex_xobeh_ov_fountains_minmay
D:4:      layout_cave_pools, minitemple, gammafunk_temple_overflow_wave,
          hangedman_decor_riveting, minmay_manual_mares
D:5:      layout_loops_cross, ashenzari_altar_1, ebering_ghost_gozag,
          uniq_prince_ribbit1, uniq_pikel
D:6:      layout_basic, okawaru_ov_weapons_minmay, temple_pool_b, uniq_grinder
D:7:      layout_basic
D:8:      layout_basic, grunt_livestock
D:9:      layout_basic, grunt_temple_overflow_holy_war, old_standard_altar
D:10:     layout_stronghold, lair_entry_dummy, orc_0_dummy, nzn_random_ring,
          uniq_fannar
D:11:     minmay_tile_spiral, layout_loops_cross
D:12:     layout_rooms, serial_shops, nicolae_shop_trees, shop,
          nicolae_shop_crystal, uniq_kirke
D:13:     layout_loops_ring, grunt_vaults_entry_fortified, serial_shops,
          kennysheep_mini, ebering_ghost_inner_flame, xom_confusion_cloud
D:14:     layout_long_grid, serial_bayou, serial_bayou_pond_c,
          serial_bayou_lagoon_a, serial_bayou_shore_b, serial_bayou_pond_a,
          gauntlet_entry_generic
D:15:     hangedman_depths_entry_try_elsewhere_first, layout_loops_ring,
          minmay_misc_feat_rugged
Lair:1:   layout_long_grid, minmay_shattered_shrine, infiniplex_staircase_pool,
          lemuel_fruit_tree
Lair:2:   layout_long_grid, minmay_shoals_entry_lonely_mermaid,
          spider_nest_entry_funnel_web, serial_bayou, serial_bayou_pond_b,
          serial_bayou_crossing, serial_bayou_lagoon_b, st_stairs_9
Lair:3:   layout_regular_city, lemuel_fruit_fields
Lair:4:   layout_hall_layers
Lair:5:   beast_lair_carwin_large_1, layout_regular_city,
          chequers_serial_rivers_small_3, serial_bayou_lake_a,
          grunt_megastairs_5
Lair:6:   wormcave, layout_gridlike, hangedman_lair_tendril_chambers,
          slime_altar_2, special_room [special_room_bee]
Spider:1: layout_spider_delve
Spider:2: nicolae_spider_corner, uniq_roxanne, uniq_asterion, uniq_jorgrun
Orc:1:    layout_diamond_mine, basic_altar, uniq_nergalle
Orc:2:    st_orc_town, layout_caves

Skill      XL: |  1  2  3  4  5  6  7  8  9 10 11 12 13 14 15 16 |
---------------+-------------------------------------------------+-----
Stealth        | 1 2 3 4 5 6 8 9 11 13 14 15 | 15.0
Unarmed Combat | 4 5 6 7 9 10 13 12 14 15 17 | 17.4
Dodging        | 5 6 7 8 10 11 13 14 15 16 | 16.3
Fighting       | 4 5 6 7 8 10 11 12 13 | 13.1
Evocations     | 2 3 5 6 8 10 11 12 13 | 13.2

Action                   |  1- 3 |  4- 6 |  7- 9 | 10-12 | 13-15 | 16-18 || total
-------------------------+-------+-------+-------+-------+-------+-------++-------
Melee: Unarmed           |    57 |    79 |   230 |  1144 |  1496 |   128 ||  3134
       Bite              |     4 |     3 |    27 |   130 |   200 |    16 ||   380
       Punch             |     3 |     2 |    11 |    76 |   122 |    18 ||   232
Invok: Berserk           |     3 |     6 |    11 |    30 |    43 |     3 ||    96
       Trog's Hand       |       |       |     2 |    25 |    42 |     1 ||    70
       Brothers in Arms  |       |       |       |       |     2 |       ||     2
Evoke: Wand              |       |       |     2 |     5 |     8 |       ||    15
       Phial of floods   |       |       |       |       |       |     1 ||     1
  Use: Scroll            |       |     4 |     3 |     7 |    12 |     3 ||    29
       Potion            |       |     1 |       |     1 |     4 |     3 ||     9
 Stab: Sleeping          |     6 |     4 |    16 |    36 |    51 |     3 ||   116
       Distracted        |       |       |     1 |    11 |    20 |       ||    32
       Confused          |       |       |       |       |     2 |       ||     2
  Eat: Chunk             |     5 |    14 |    16 |    62 |    78 |     2 ||   177
       Ration            |       |       |       |       |     1 |       ||     1
Armor: Skin              |     1 |     2 |     9 |    20 |    40 |     9 ||    81
Dodge: Dodged            |    32 |    50 |   156 |  1066 |  1609 |   225 ||  3138
Block: Other             |       |       |       |       |    34 |    10 ||    44

Table legend:
 A = Non-vault XP
 B = Vault XP
 C = Vault XP percentage of total XP
 D = Non-vault monster count
 E = Vault monster count
 F = Vault count percentage of total count
                 A         B        C        D         E       F
            +---------+---------+-------+---------+---------+-------
      Total |  108885 |   77657 |  41.6 |     687 |     266 |  27.9
            +---------+---------+-------+---------+---------+-------
        D:1 |       5 |       0 |   0.0 |       3 |       0 |   0.0
        D:2 |      66 |       0 |   0.0 |      22 |       0 |   0.0
        D:3 |     124 |       0 |   0.0 |      20 |       0 |   0.0
        D:4 |     332 |     229 |  40.8 |      15 |       2 |  11.8
        D:5 |     368 |     897 |  70.9 |      14 |       2 |  12.5
        D:6 |     739 |     262 |  26.2 |      18 |       1 |   5.3
        D:7 |    1323 |       0 |   0.0 |      25 |       0 |   0.0
        D:8 |    1178 |     992 |  45.7 |      23 |       5 |  17.9
        D:9 |    1041 |       0 |   0.0 |      19 |       0 |   0.0
       D:10 |    4024 |    2546 |  38.8 |      38 |      14 |  26.9
       D:11 |    3928 |    9602 |  71.0 |      47 |      14 |  23.0
       D:12 |    2483 |    2487 |  50.0 |      18 |       3 |  14.3
       D:13 |    6815 |   12337 |  64.4 |      36 |      21 |  36.8
       D:14 |    5433 |       0 |   0.0 |      21 |       0 |   0.0
       D:15 |    7361 |    3421 |  31.7 |      29 |       4 |  12.1
     Lair:1 |    2724 |    4191 |  60.6 |      13 |      12 |  48.0
     Lair:2 |    4416 |    2455 |  35.7 |      30 |      10 |  25.0
     Lair:3 |    2697 |       0 |   0.0 |      17 |       0 |   0.0
     Lair:4 |    5472 |       0 |   0.0 |      18 |       0 |   0.0
     Lair:5 |   13030 |    3198 |  19.7 |      46 |      16 |  25.8
     Lair:6 |    9560 |   18786 |  66.3 |      30 |      79 |  72.5
   Spider:1 |   14899 |       0 |   0.0 |      43 |       0 |   0.0
   Spider:2 |    8360 |     557 |   6.2 |      22 |       1 |   4.3
      Orc:1 |    4181 |    1079 |  20.5 |      49 |       6 |  10.9
      Orc:2 |    8326 |    8454 |  50.4 |      71 |      53 |  42.7
   Gauntlet |       0 |    6164 | 100.0 |       0 |      23 | 100.0
            +---------+---------+-------+---------+---------+-------
